AoeStats
← Ghosty4406

Black Forest

509333699Analyzed
4v4 RM · 4d ago on Sep 26, 2026· 43m 17s· 8 players
Game mode
Random Map
Map size
Large (8 player)
Population
200
Speed
Normal
Resources
Standard
Victory
Conquest
Starting age
Dark Age
Ending age
Imperial Age
RankedLock teamsTeams togetherTeam positionsShared explorationLock speedFull tech treeHidden civsTurbo modeCheats
Victory
Defeat
🇨🇳 Chinese · China
1165
+13
🇨🇳 Persians · China
1153
+14
1136
+14
🇨🇳 Celts · China
974
+21
🇮🇳 Mongols · India
1153
-18
🇳🇱 Bohemians · Netherlands
1086
-15
🇮🇳 Lithuanians · India
1082
-15
🇨🇳 Franks · China
1066
-14
高老头子
4:38 Loom
11:25 Feudal Age
12:43 Double-Bit Axe
15:35 Castle Age
15:46 Horse Collar
22:28 Heavy Plow
24:20 Wheelbarrow
25:54 Bow Saw
26:05 Gold Mining
26:09 Stone Mining
30:11 Imperial Age
29:24 Gold Shaft Mining
29:02 Forging
28:53 Scale Mail Armor
28:44 Fletching
29:20 Ballistics
28:56 Murder Holes
29:12 Masonry
29:22 Hand Cart
30:28 Iron Casting
30:55 Heavy Scorpion
31:57 Conscription
31:42 Bodkin Arrow
32:49 Chemistry
32:28 Chain Mail Armor
33:13 Blast Furnace
33:37 Stone Shaft Mining
32:56 Onager
33:06 Pikeman
33:32 Gambesons
34:03 Halberdier
35:26 Furor Celtica
34:58 Capped Ram
37:47 Plate Mail Armor
38:42 Siege Onager
39:07 Siege Ram
43:13 Caravan
打帝国需要戴老花镜
7:45 Loom
12:16 Feudal Age
13:28 Horse Collar
16:13 Castle Age
14:07 Double-Bit Axe
14:46 Fletching
15:21 Padded Archer Armor
17:41 Bodkin Arrow
18:08 Leather Archer Armor
18:42 Wheelbarrow
21:46 Sanctity
24:20 Fervor
25:29 Chemistry
25:50 Heavy Plow
28:03 Forging
31:58 Imperial Age
30:28 Town Watch
30:46 Caravan
32:39 Iron Casting
32:49 Pikeman
34:10 Ring Archer Armor
33:41 Bracer
36:47 Blast Furnace
36:45 Houfnice
37:39 Elite Skirmisher
39:45 Conscription
40:18 Scale Mail Armor
40:37 Halberdier
42:20 Bombard Tower
秋名山汤圆
0:38 Loom
11:54 Feudal Age
16:39 Castle Age
15:33 Double-Bit Axe
26:34 Bow Saw
27:02 Wheelbarrow
26:26 Gold Mining
27:10 Horse Collar
31:13 Imperial Age
29:40 Hand Cart
29:19 Fletching
29:29 Padded Archer Armor
30:09 Bodkin Arrow
30:27 Masonry
30:42 Ballistics
31:00 Fortified Wall
31:03 Heavy Plow
31:22 Leather Archer Armor
32:36 Conscription
32:59 Bracer
33:30 Ring Archer Armor
34:27 Two-Man Saw
34:35 Thumb Ring
34:20 Elite Chu Ko Nu
36:23 Chemistry
38:12 Gold Shaft Mining
37:28 Stone Mining
小红的蛋蛋
10:43 Feudal Age
14:27 Castle Age
12:24 Double-Bit Axe
13:08 Horse Collar
16:12 Bow Saw
21:50 Wheelbarrow
22:16 Gold Mining
22:46 Heavy Plow
23:33 Hand Cart
25:34 Stone Mining
27:16 Gold Shaft Mining
27:19 Stone Shaft Mining
29:33 Imperial Age
26:54 Loom
26:54 Town Watch
27:23 Forging
27:18 Scale Barding Armor
27:51 Town Patrol
28:40 Iron Casting
29:15 Chain Barding Armor
29:37 Husbandry
29:47 Bloodlines
31:07 Blast Furnace
31:23 Two-Man Saw
30:55 Crop Rotation
31:13 Elite War Elephant
32:16 Conscription
32:17 Caravan
33:18 Plate Barding Armor
33:55 Ballistics
34:37 Chemistry
36:05 Hoardings
35:51 Devotion
40:17 Faith
41:11 Fletching
Bickus Diggus
1:03 Loom
12:30 Feudal Age
14:22 Double-Bit Axe
18:14 Castle Age
17:01 Wheelbarrow
16:42 Gold Mining
16:46 Stone Mining
16:52 Horse Collar
19:07 Heavy Plow
19:55 Bow Saw
21:51 Stone Shaft Mining
22:51 Hand Cart
23:10 Town Watch
29:38 Imperial Age
27:50 Bloodlines
27:40 Husbandry
28:34 Fletching
28:45 Padded Archer Armor
29:08 Ballistics
28:59 Fortified Wall
29:02 Elite Skirmisher
30:51 Conscription
29:58 Cavalier
31:07 Leather Archer Armor
30:58 Scale Barding Armor
30:52 Bodkin Arrow
32:36 Chemistry
32:57 Paladin
34:26 Forging
35:56 Bracer
37:18 Two-Man Saw
38:54 Light Cavalry
MIB Asterix
0:42 Loom
13:24 Feudal Age
15:12 Horse Collar
15:19 Double-Bit Axe
18:24 Castle Age
19:37 Wheelbarrow
20:01 Bow Saw
20:40 Heavy Plow
28:08 Hand Cart
28:18 Caravan
33:05 Imperial Age
31:08 Scale Mail Armor
31:25 Fortified Wall
32:16 Chemistry
31:20 Pikeman
32:00 Squires
31:46 Arson
32:04 Padded Archer Armor
32:17 Fletching
32:50 Ballistics
32:11 Elite Skirmisher
33:08 Leather Archer Armor
33:06 Town Watch
34:17 Conscription
33:59 Bodkin Arrow
35:32 Murder Holes
35:47 Masonry
35:23 Halberdier
36:54 Bombard Tower
36:48 Bracer
37:19 Ring Archer Armor
37:46 Chain Mail Armor
37:41 Forging
38:29 Architecture
39:21 Plate Mail Armor
Ghosty4406
0:37 Loom
12:17 Feudal Age
16:48 Castle Age
15:11 Double-Bit Axe
15:09 Horse Collar
15:21 Gold Mining
27:10 Wheelbarrow
29:47 Imperial Age
28:50 Hand Cart
29:51 Caravan
29:57 Stone Mining
30:25 Bow Saw
30:18 Heavy Plow
30:26 Fletching
30:36 Padded Archer Armor
30:41 Onager
32:12 Town Watch
33:04 Coinage
33:02 Town Patrol
32:59 Bodkin Arrow
33:20 Leather Archer Armor
33:40 Conscription
33:48 Drill
33:21 Elite Mangudai
35:49 Bracer
36:19 Ballistics
36:47 Thumb Ring
37:15 Parthian Tactics
36:53 Husbandry
37:22 Bloodlines
22155426
1:37 Loom
11:48 Feudal Age
16:08 Castle Age
14:05 Double-Bit Axe
16:23 Stone Mining
17:00 Bow Saw
21:59 Gold Mining
24:08 Wheelbarrow
26:24 Hand Cart
25:57 Town Watch
27:45 Gold Shaft Mining
31:30 Imperial Age
29:01 Fletching
29:11 Padded Archer Armor
29:22 Forging
29:18 Scale Barding Armor
29:13 Scale Mail Armor
30:55 Leather Archer Armor
30:41 Bodkin Arrow
31:57 Iron Casting
32:06 Iron Casting
31:46 Cavalier
32:49 Chain Barding Armor
33:08 Paladin
37:24 Chemistry
37:09 Ballistics
37:30 Plate Barding Armor
38:44 Chain Mail Armor
37:52 Pikeman
40:20 Plate Mail Armor
40:50 Blast Furnace
40:57 Blast Furnace
40:14 Halberdier
Connection lost

Rejoining the realm…

Still unreachable

The connection could not be restored.

Session expired

The server has moved on; the page needs a fresh start.